 Dungeon Crawl Stone Soup version 0.28.0-53-g5a82cb258f (webtiles) character file.

Game seed: 747533572059575732

287 safid the Chopper (level 6, -2/52 HPs)
             Began as a Hill Orc Fighter on June 11, 2022.
             Killed from afar by Dowan (7 damage)
             ... with a stone arrow
             ... on level 4 of the Dungeon.
             The game lasted 00:04:03 (3264 turns).

safid the Chopper (Hill Orc Fighter)                Turns: 3264, Time: 00:04:03

Health: -2/52      AC:  7    Str: 21    XL:     6   Next: 30%
Magic:  6/6        EV:  9    Int:  8    God:
Gold:   39         SH:  4    Dex: 10    Spells: 5/5 levels left

rFire   . . .      SeeInvis +   a - +0 war axe
rCold   . . .      Faith    .   c - +0 buckler
rNeg    . . .      Spirit   .   b - +0 scale mail
rPois   .          Reflect  .   (no helmet)
rElec   .          Harm     .   (no cloak)
rCorr   .          Rampage  .   (no gloves)
Will    .....                   (no boots)
Stlth   ..........              (no amulet)
HPRegen 0.17/turn               n - ring of see invisible
MPRegen 0.10/turn               (no ring)

@: mighty
A: no striking features
a: no special abilities


You were on level 4 of the Dungeon.
You visited 1 branch of the dungeon, and saw 4 of its levels.

You collected 153 gold pieces.
You spent 114 gold pieces at shops.

Inventory:

Hand Weapons
 a - a +0 war axe (weapon)
Armour
 b - a +0 scale mail (worn)
 c - a +0 buckler (worn)
Jewellery
 n - a ring of see invisible (left hand)
Scrolls
 f - 2 scrolls of fear
 h - a scroll of enchant weapon {unknown}
 i - a scroll of identify {unknown}
 j - 3 scrolls of fog
 k - a scroll of silence {unknown}
 m - 2 scrolls of holy word {unknown}
 p - a scroll of teleportation
Potions
 d - 2 potions of might
 e - 2 potions of curing
 g - 3 potions of brilliance {unknown}
 l - a potion of lignification {unknown}
 o - a potion of degeneration {unknown}
 q - a potion of attraction {unknown}


   Skills:
 - Level 4.0 Fighting
 + Level 7.4 Axes
 - Level 4.0 Armour
 - Level 4.0 Shields


You had 5 spell levels left.
You didn't know any spells.
Your spell library contained the following spells:

 Spells                   Type           Power      Damage    Failure   Level
 Blink                    Tloc           0%         N/A       92%         2
 Ozocubu's Armour         Ice            0%         N/A       99%         3
 Leda's Liquefaction      Hex/Erth       0%         N/A       100%        4
 Petrify                  Tmut/Erth      0%         N/A       100%        4
 Dispersal                Tloc           0%         N/A       100%        6
 Statue Form              Tmut/Erth      0%         N/A       100%        6
 Ozocubu's Refrigeration  Ice            0%         4d5       100%        7
 Disjunction              Tloc           0%         N/A       100%        8


Dungeon Overview and Level Annotations

Branches:
Dungeon (4/15)
 Temple: D:4-7

Altars:
Nemelex Xobeh

Shops:
D:2 :   D:3 ?[(

Annotations:
D:4 Dowan


Message History

The goblin hits you with a +0 club.
Your Axes skill increases to level 7!
You have reached level 6!
You slash the goblin!
You kill the goblin!
You block the goblin's attack.
You slash the goblin!
You kill the goblin!
Unknown command.
You slash the goblin!
You kill the goblin!
Items here: ! )))) [[ ††††.
Dowan seems to find hidden reserves of power!
Dowan mumbles some strange words.
Dowan blinks!
Dowan gestures wildly while chanting.
Dowan blinks!
Found a tower shield.
Dowan hits you with a +0 dagger.
You closely miss Dowan. Dowan hits you with a +0 dagger.
Unknown command.
You slash Dowan!
Dowan is heavily wounded.
Dowan hits you with a +0 dagger. x2
You slash Dowan!
Dowan is almost dead.
Dowan hits you with a +0 dagger.
* * * LOW HITPOINT WARNING * * *
Dowan gestures at you while chanting. The stone arrow misses you.
You barely miss Dowan.
Dowan is almost dead.
Dowan points at you and mumbles some strange words.
The shard of ice hits you!
* * * LOW HITPOINT WARNING * * *
Dowan barely misses you.
You closely miss Dowan.
Dowan is almost dead.
Dowan casts a spell at you. The stone arrow hits you!
You die...

....[...
#......
#..... #....
#... #.. #e#
.# # #@#
.#.# #.#
###.#.# #.#
......# #)#
#.....# #)#
#.....#
#.####.....#
#)........<#
######...###
##.....##


You could see Dowan (fast).

Vanquished Creatures
  Duvessa (D:4)
  Jessica (D:2)
  An orc wizard (D:3)
  Robin (D:4)
  3 adders
  5 dart slugs
  3 orcs
  4 ball pythons
  7 endoplasms
  5 giant cockroaches
  10 hobgoblins
  8 kobolds
  4 quokkas
  5 bats
  3 frilled lizards
  14 goblins
  7 rats
82 creatures vanquished.

Vanquished Creatures (others)
  4 toadstools (D:1)
4 creatures vanquished.

Grand Total: 86 creatures vanquished

Notes
Turn   | Place    | Note
-------+----------+-------------------------------------------
     0 | D:1      | safid the Hill Orc Fighter began the quest for the Orb.
     0 | D:1      | Reached XP level 1. HP: 19/19 MP: 1/1
    64 | D:1      | Reached XP level 2. HP: 25/27 MP: 2/2
    84 | D:1      | Got the Disquisition on Stones
    96 | D:1      | Reached skill level 3 in Axes
   564 | D:1      | Reached XP level 3. HP: 25/33 MP: 3/3
  1332 | D:2      | Reached XP level 4. HP: 40/40 MP: 4/4
  1364 | D:2      | Found a faded altar of an unknown god.
  1678 | D:2      | Reached skill level 4 in Axes
  2059 | D:2      | Noticed Jessica
  2069 | D:2      | Killed Jessica
  2196 | D:2      | Got Jessica's Guide on the Compass
  2258 | D:2      | Found Ezoary's Book Shoppe.
  2531 | D:3      | Found Ruruid's Antique Armour Emporium.
  2621 | D:3      | Reached skill level 5 in Axes
  2649 | D:3      | Reached XP level 5. HP: 39/46 MP: 5/5
  2907 | D:3      | Found Poinn's Magic Scroll Emporium.
  2917 | D:3      | Bought a scroll of fear for 42 gold pieces
  2917 | D:3      | Bought a scroll of noise for 12 gold pieces
  2917 | D:3      | Bought a scroll of teleportation for 36 gold pieces
  2917 | D:3      | Bought a scroll of fog for 24 gold pieces
  2990 | D:3      | Found Hoewiq's Weapon Shop.
  3085 | D:3      | Found a sparkling altar of Nemelex Xobeh.
  3223 | D:4      | Noticed Robin
  3233 | D:4      | Noticed Duvessa
  3240 | D:4      | Noticed Dowan
  3244 | D:4      | Killed Robin
  3245 | D:4      | Reached skill level 6 in Axes
  3252 | D:4      | Killed Duvessa
  3253 | D:4      | Reached skill level 7 in Axes
  3253 | D:4      | Reached XP level 6. HP: 28/52 MP: 6/6
  3264 | D:4      | Killed from afar by Dowan

Illustrated notes

Levels and vault maps discovered:
D:1:      ldierk_walled_garden_2, layout_basic, minmay_curled_crystal
D:2:      layout_loops_ring, serial_shops, nicolae_shop_crystal,
          hellmonk_ecumenical_altar_inner_sanctum, kennysheep_jessica_study
D:3:      layout_rooms, lemuel_round_altar, serial_shops, shop, shop_statue,
          shop
D:4:      layout_loops_ring, gup_sewer_entry_bubbles, hangedman_minor_gate_pass,
          uniq_duvessa, uniq_robin

Skill      XL: |  1  2  3  4  5 |
---------------+----------------+-----
Axes           | 3 5 7 |  7.4
Fighting       | 4 |  4.0
Shields        | 4 |  4.0
Armour         | 4 |  4.0

Action                   |  1- 3 |  4- 6 || total
-------------------------+-------+-------++-------
Melee: War axe           |    94 |   143 ||   237
  Use: Potion            |       |     2 ||     2
Armor: Scale mail        |    55 |    63 ||   118
Dodge: Dodged            |    46 |    40 ||    86
Block: Buckler           |    20 |    25 ||    45
